 Dungeon Crawl Stone Soup version 0.30.2 (webtiles) character file.

Game seed: 11046954769180216044

12831 dragonscale333 the Prestidigitator (level 11, -14/84 HPs)
             Began as a Gnoll Wanderer on Apr 2, 2024.
             Was an Initiate of Gozag.
             Demolished by a komodo dragon (28 damage)
             ... on level 1 of the Lair of Beasts.
             The game lasted 00:19:56 (15664 turns).

dragonscale333 the Prestidigitator (GnWn)          Turns: 15664, Time: 00:19:57

Health: -14/84     AC:  9    Str: 17    XL:     11   Next: 99%
Magic:  21/21      EV: 14    Int: 12    God:    Gozag
Gold:   1821       SH:  0    Dex: 10    Spells: 24/24 levels left

rFire   . . .        g - +2 demon trident (elec)
rCold   . . .        (no shield)
rNeg    . . .        e - +0 leather armour
rPois   .            D - +0 helmet
rElec   .            r - +1 cloak
rCorr   .            u - +0 pair of gloves
SInv    +            (no boots)
Will    .....        (no amulet)
Stlth   +++          f - ring of see invisible
HPRegen 0.34/turn    (no ring)
MPRegen 0.17/turn

%: no passive effects
@: no status effects
A: fangs 1, strong nose, distributed training
a: Renounce Religion, Potion Petition, Call Merchant, Bribe Branch


You were on level 1 of the Lair of Beasts.
You worshipped Gozag.
Gozag was most pleased with you.
You visited 2 branches of the dungeon, and saw 12 of its levels.
You also visited: Bailey.

You collected 2033 gold pieces.
You spent 182 gold pieces at shops.
You paid 30 gold pieces to Gozag.

Inventory:

Hand Weapons
 g - a +2 demon trident of electrocution (weapon)
Armour
 e - a +0 leather armour (worn)
 k - the +3 Mad Mage's Maulers {Infuse+∞ VampMP -Cast}
   (You acquired it on level 5 of the Dungeon)

   Infuse+∞: It empowers its wearer's blows with all of their magic.
   VampMP:    Blows struck in melee replenish the wearer's magic.
   -Cast:     It prevents spellcasting.
 r - a +1 cloak (worn)
 u - a +0 pair of gloves (worn)
 D - a +0 helmet (worn)
 I - the +8 plate armour of Birdsong {+Blink rPois Will- MP+9}
   (You found it on level 10 of the Dungeon)

   rPois:     It protects you from poison.
   MP:        It affects your magic capacity (+9).
   +Blink:    It lets you blink.
   Will:      It decreases your willpower.
Jewellery
 f - a ring of see invisible (left hand)
 J - a ring of protection from cold
Wands
 a - a wand of digging (4)
 b - a wand of paralysis (5) (quivered)
 c - a wand of acid (1)
 m - a wand of mindburst (8)
 v - a wand of roots (2)
 w - a wand of flame (31)
Scrolls
 d - 2 scrolls of summoning
 h - 5 scrolls of poison
 i - 2 scrolls of teleportation
 j - 3 scrolls of vulnerability
 q - a scroll of magic mapping {unknown}
 y - 2 scrolls of amnesia
 z - a scroll of blinking
 C - 2 scrolls of enchant armour
 E - 3 scrolls of identify
Potions
 l - a potion of might
 n - a potion of resistance
 o - 5 potions of curing
 p - a potion of mutation
 s - a potion of flight
 t - a potion of ambrosia
 x - a potion of haste
 A - 3 potions of lignification
 B - 3 potions of invisibility {unknown}
 F - a potion of berserk rage
 H - a potion of heal wounds
Miscellaneous
 G - a phial of floods (inert)


   Skills:
 + Level 7.1 Fighting
 + Level 7.1 Short Blades
 + Level 7.1 Long Blades
 + Level 7.1 Axes
 + Level 7.1 Maces & Flails
 + Level 7.1 Polearms
 + Level 8.5 Staves
 + Level 7.1 Ranged Weapons
 + Level 7.6 Throwing
 + Level 7.6 Armour
 + Level 9.7 Dodging
 + Level 7.1 Stealth
 + Level 7.1 Shields
 + Level 7.1 Unarmed Combat
 + Level 7.1 Spellcasting
 + Level 5.8 Conjurations
 + Level 5.8 Hexes
 + Level 5.8 Summonings
 + Level 5.8 Necromancy
 + Level 5.8 Translocations
 + Level 5.8 Transmutations
 + Level 5.8 Fire Magic
 + Level 5.8 Ice Magic
 + Level 5.8 Air Magic
 + Level 5.8 Earth Magic
 + Level 5.8 Poison Magic
 + Level 7.7 Invocations
 + Level 9.7 Evocations


You had 24 spell levels left.
You didn't know any spells.
Your spell library contained the following spells:

 Spells                   Type           Power      Damage    Failure   Level
 Summon Small Mammal      Summ           72%        N/A       1%          1
 Ensorcelled Hibernation  Hex/Ice        36%        N/A       2%          2
 Passwall                 Tmut/Erth      15%        N/A       2%          2
 Sublimation of Blood     Necr           18%        N/A       2%          2
 Wereblood                Tmut           18%        N/A       2%          2
 Call Canine Familiar     Summ           18%        N/A       4%          3
 Gell's Gravitas          Tloc           18%        N/A       4%          3
 Ozocubu's Armour         Ice            18%        N/A       4%          3
 Summon Guardian Golem    Hex/Summ       18%        N/A       4%          3
 Swiftness                Air            18%        N/A       4%          3
 Teleport Other           Tloc           18%        N/A       4%          3
 Metabolic Englaciation   Hex/Ice        9%         N/A       41%         5
 Dispersal                Tloc           9%         N/A       94%         6
 Summon Hydra             Summ           9%         N/A       100%        7
 Simulacrum               Ice/Necr       Unusable   N/A       N/A         6

Dungeon Overview and Level Annotations

Branches:
Dungeon (11/15)            Temple (0/1) D:4            Lair (1/5) D:8
    Orc (0/2) D:10         Bailey (visited)

Altars:
Cheibriados
Fedhas
Gozag
Ru
Sif Muna
Vehumet
Xom
Yredelemnul

Shops:
D:8 !


Innate Abilities, Weirdness & Mutations

You have very sharp teeth.
Your uncanny sense of smell can sniff out nearby items.
Your experience applies equally to all skills.


Message History

You puncture the bullfrog!
You kill the bullfrog!
No target in view!
No target in view!
You start resting.
A komodo dragon comes into view.
A komodo dragon is nearby!
You see here 7 gold pieces.
You reach to attack!
You puncture the komodo dragon!
The komodo dragon is moderately wounded.
You hit the komodo dragon.
The komodo dragon is heavily wounded.
The komodo dragon bites you!!
You are too injured to fight recklessly!
You are too injured to fight recklessly!
You are too injured to fight recklessly!
You are too injured to fight recklessly!
You are too injured to fight recklessly!
You hit the komodo dragon.
The komodo dragon is heavily wounded.
The komodo dragon bites you!!
* * * LOW HITPOINT WARNING * * *
You barely miss the komodo dragon.
The komodo dragon is heavily wounded.
The komodo dragon barely misses you.
Aiming: Corrosive Bolt
Press: ? - help, Shift-Dir - straight line, f/p - komodo dragon
Aim: a komodo dragon (heavily wounded, 81% to hit)
The bolt of acid hits the komodo dragon!
The acid corrodes the komodo dragon!
The komodo dragon is almost dead.
The komodo dragon bites you but does no damage.
Unknown command.
Aiming: Corrosive Bolt
Press: ? - help, Shift-Dir - straight line, f/p - komodo dragon
Aim: a komodo dragon (almost dead, covered in acid, 81% to hit)
The bolt of acid misses the komodo dragon.
The komodo dragon bites you!!
You die...
Your body crumbles into a pile of gold.

#.........##......# ...#
#......8.8###..>..# 8.>##
#.........###.....###....
#.....#....###$...##...# #
...........###$8.###...#..#
#...........#...$.........+
#.......##............#...#
#.......P##....$....##....#
#.......####.l@....####.### .
#...........#....#...##.#.#..
#..............8.............
.............#...............
...................... $
...........##..#.###.
#.#####.+#.##'###### ..
....#.##<....P#
.......##......#


You could see a komodo dragon (corroded).

Vanquished Creatures
  A two-headed ogre (D:11)
  Pikel (D:8)
  A black mamba (Lair:1)
  Joseph (D:7)
  A gargoyle (D:11)
  Maggie (D:7)
  A cane toad (Lair:1)
  Psyche (D:9)
  A troll (D:10)
  A hornet (D:9)
  Sigmund (D:3)
  4 shadows
  5 wyverns
  16 yaks
  A wraith (D:9)
  A steam dragon (D:6)
  A basilisk (D:8)
  2 acid dragons (D:10)
  10 water moccasins
  An ice beast (D:4)
  A sky beast (D:7)
  2 black bears
  9 orc warriors
  4 wolves
  6 centaurs
  An ogre (D:5)
  A lemure (D:7)
  A phantom (D:5)
  2 kobold brigands (D:9)
  4 bullfrogs
  6 scorpions
  A gnoll sergeant (D:9)
  2 howler monkeys (D:9)
  A jelly (D:8)
  A hound (D:4)
  13 orc priests
  An iguana (D:5)
  4 sleepcaps
  11 orc wizards
  3 adders
  3 gnolls (D:9)
  3 shadow imps
  2 white imps (D:6)
  An ufetubus (D:5)
  4 worms
  3 dart slugs
  47 orcs
  7 ball pythons
  3 endoplasms
  5 giant cockroaches
  5 goblins
  6 hobgoblins
  2 jackals (D:2)
  4 quokkas
  5 bats
  3 frilled lizards
  22 kobolds
  8 rats
259 creatures vanquished.

Notes
Turn   | Place    | Note
-------+----------+-------------------------------------------
     0 | D:1      | dragonscale333 the Gnoll Wanderer began the quest for the
                  | Orb.
     0 | D:1      | dragonscale333 set off with the following items: a +0
                  | quarterstaff, a wand of paralysis (18), a +0 cloak, a
                  | scroll of summoning, a +0 leather armour.
     0 | D:1      | Reached XP level 1. HP: 13/13 MP: 1/1
   138 | D:1      | Reached XP level 2. HP: 18/19 MP: 2/2
   758 | D:2      | Reached XP level 3. HP: 25/25 MP: 3/3
   958 | D:2      | Reached skill level 1 in Invocations
  1307 | D:2      | Reached skill level 1 in Fighting
  1307 | D:2      | Reached skill level 1 in Short Blades
  1307 | D:2      | Reached skill level 1 in Long Blades
  1307 | D:2      | Reached skill level 1 in Axes
  1307 | D:2      | Reached skill level 1 in Maces & Flails
  1307 | D:2      | Reached skill level 1 in Polearms
  1307 | D:2      | Reached skill level 1 in Ranged Weapons
  1307 | D:2      | Reached skill level 1 in Stealth
  1307 | D:2      | Reached skill level 1 in Shields
  1307 | D:2      | Reached skill level 1 in Unarmed Combat
  1307 | D:2      | Reached skill level 1 in Spellcasting
  1529 | D:2      | Reached XP level 4. HP: 32/32 MP: 5/5
  2077 | D:3      | Noticed Sigmund
  2086 | D:3      | Killed Sigmund
  2087 | D:3      | Reached skill level 1 in Conjurations
  2087 | D:3      | Reached skill level 1 in Hexes
  2087 | D:3      | Reached skill level 1 in Summonings
  2087 | D:3      | Reached skill level 1 in Necromancy
  2087 | D:3      | Reached skill level 1 in Translocations
  2087 | D:3      | Reached skill level 1 in Transmutations
  2087 | D:3      | Reached skill level 1 in Fire Magic
  2087 | D:3      | Reached skill level 1 in Ice Magic
  2087 | D:3      | Reached skill level 1 in Air Magic
  2087 | D:3      | Reached skill level 1 in Earth Magic
  2087 | D:3      | Reached skill level 1 in Poison Magic
  2087 | D:3      | Reached XP level 5. HP: 38/38 MP: 5/7
  2087 | D:3      | Reached XP level 6. HP: 44/44 MP: 5/8
  2224 | D:3      | Found a snail-covered altar of Cheibriados.
  2225 | D:3      | Found a shimmering altar of Xom.
  2234 | D:3      | Reached skill level 5 in Staves
  2237 | D:3      | Found an opulent altar of Gozag.
  2410 | D:3      | Found a basalt altar of Yredelemnul.
  2631 | D:3      | Became a worshipper of Gozag Ym Sagoz the Greedy
  2795 | D:4      | Noticed an ice beast
  2811 | D:4      | Killed an ice beast
  2812 | D:4      | Reached XP level 7. HP: 33/51 MP: 10/10
  3009 | D:4      | Found a staircase to the Ecumenical Temple.
  3595 | D:5      | Entered Level 5 of the Dungeon
  4258 | D:5      | Noticed a shadow
  4282 | D:5      | Reached XP level 8. HP: 46/58 MP: 12/12
  4334 | D:5      | Killed a shadow
  4407 | D:5      | Identified a scroll of acquirement
  4408 | D:5      | Acquired the +3 Mad Mage's Maulers {Infuse+∞ VampMP -Cast}
  4408 | D:5      | Found the +3 Mad Mage's Maulers {Infuse+∞ VampMP -Cast}
  5485 | D:6      | HP: 3/60 [orc priest/nerve-wracking pain (13)]
  6211 | D:7      | Found a blossoming altar of Fedhas.
  6240 | D:6      | Reached XP level 9. HP: 34/65 MP: 13/15
  6455 | D:7      | Noticed Joseph
  6465 | D:7      | Killed Joseph
  6466 | D:7      | Reached skill level 5 in Throwing
  6466 | D:7      | Reached skill level 5 in Armour
  6691 | D:7      | Noticed Maggie
  6823 | D:7      | Killed Maggie
  6824 | D:7      | Reached skill level 5 in Invocations
  7328 | D:7      | Found a shimmering blue altar of Sif Muna.
  7343 | D:7      | Identified the +6 long sword of Ru's Benevolence {flame,
                  | Contam Fragile rF++ Will+++}
  7407 | D:7      | HP: 3/66 [centaur/+0 quarterstaff (15)]
  7408 | D:7      | HP: 1/66 [centaur/+0 quarterstaff (21)]
  8128 | D:8      | Noticed Pikel
  8476 | D:7      | Reached skill level 5 in Fighting
  8476 | D:7      | Reached skill level 5 in Short Blades
  8476 | D:7      | Reached skill level 5 in Long Blades
  8476 | D:7      | Reached skill level 5 in Axes
  8476 | D:7      | Reached skill level 5 in Maces & Flails
  8476 | D:7      | Reached skill level 5 in Polearms
  8476 | D:7      | Reached skill level 5 in Ranged Weapons
  8476 | D:7      | Reached skill level 5 in Stealth
  8476 | D:7      | Reached skill level 5 in Shields
  8476 | D:7      | Reached skill level 5 in Unarmed Combat
  8476 | D:7      | Reached skill level 5 in Spellcasting
  8476 | D:7      | Reached XP level 10. HP: 31/74 MP: 17/17
  8751 | D:8      | Found a staircase to the Lair.
  9184 | D:8      | Killed Pikel
  9430 | D:8      | Found Asotac's Distillery.
  9438 | D:8      | Bought a potion of curing for 42 gold pieces
  9438 | D:8      | Bought a potion of haste for 140 gold pieces
  9976 | D:8      | Found a sacrificial altar of Ru.
 10358 | D:8      | Found a radiant altar of Vehumet.
 10707 | D:9      | Reached skill level 5 in Conjurations
 10707 | D:9      | Reached skill level 5 in Hexes
 10707 | D:9      | Reached skill level 5 in Summonings
 10707 | D:9      | Reached skill level 5 in Necromancy
 10707 | D:9      | Reached skill level 5 in Translocations
 10707 | D:9      | Reached skill level 5 in Transmutations
 10707 | D:9      | Reached skill level 5 in Fire Magic
 10707 | D:9      | Reached skill level 5 in Ice Magic
 10707 | D:9      | Reached skill level 5 in Air Magic
 10707 | D:9      | Reached skill level 5 in Earth Magic
 10707 | D:9      | Reached skill level 5 in Poison Magic
 10707 | D:9      | Reached XP level 11. HP: 71/81 MP: 20/20
 10982 | D:9      | Paralysed by a hornet for 1 turns
 11339 | D:9      | Noticed Psyche
 11350 | D:9      | Killed Psyche
 11666 | D:10     | Entered Level 10 of the Dungeon
 11745 | D:10     | HP: 1/82 [acid dragon/splash of acid (32)]
 12108 | D:10     | Found a staircase to the Orcish Mines.
 12273 | D:10     | Found a flagged portal.
 12296 | Bailey   | Entered a bailey
 13391 | D:10     | Identified the +8 plate armour of Birdsong {+Blink rPois
                  | Will- MP+9}
 13474 | D:11     | Noticed a two-headed ogre
 14007 | Lair:1   | Entered Level 1 of the Lair of Beasts
 14019 | Lair:1   | HP: 1/83 [poisoned by a black mamba]
 14946 | D:11     | Killed a two-headed ogre
 15223 | D:11     | Noticed a cyclops
 15664 | Lair:1   | Demolished by a komodo dragon

Illustrated notes

Levels and vault maps discovered:
D:1:      lemuel_arrival_muddy, layout_basic, minmay_misc_feat_secret_circle
D:2:      layout_basic, dreamdust_princess_corridor, nrook_uturn
D:3:      layout_rooms, grunt_temple_overflow_open,
          mainiacjoe_overflow_chevrons, wad_floor_pattern_1, uniq_sigmund
D:4:      layout_cave_pods, minmay_temple_entry_overgrown
D:5:      minmay_chambers_of_fours, layout_basic
D:6:      layout_basic, corexii_shack, abandoned_shop
D:7:      layout_basic, fedhas_altar_2, nicolae_overflow_crystal_walls,
          grunt_decor_arrowhead, uniq_joseph, uniq_maggie
D:8:      layout_loops_cross, nicolae_ru_the_path_less_chosen,
          nicolae_overflow_hidden_temple, minmay_lair_entry_grove, serial_shops,
          shop, kb_lookout_dungeons_type, uniq_pikel
D:9:      layout_roguey, uniq_psyche
D:10:     layout_cross, david_orc_2, enter_bailey_4, minivault_21
D:11:     layout_cave_pools, portal_ice_cave_entry_ice_simulacra,
          nicolae_uskayaw_suspiria
Lair:1:   layout_regular_city, minivault_25,
          hellmonk_guarded_unrand_seven_league_boots, grunt_megastairs_5

Skill      XL: |  1  2  3  4  5  6  7  8  9 10 11 |
---------------+----------------------------------+-----
Invocations    | 1 2 3 4 5 6 7 |  7.7
Fighting       | 1 2 3 4 5 6 7 |  7.1
Short Blades   | 1 2 3 4 5 6 7 |  7.1
Long Blades    | 1 2 3 4 5 6 7 |  7.1
Axes           | 1 2 3 4 5 6 7 |  7.1
Maces & Flails | 1 2 3 4 5 6 7 |  7.1
Polearms       | 1 2 3 4 5 6 7 |  7.1
Ranged Weapons | 1 2 3 4 5 6 7 |  7.1
Stealth        | 1 2 3 4 5 6 7 |  7.1
Shields        | 1 2 3 4 5 6 7 |  7.1
Unarmed Combat | 1 2 3 4 5 6 7 |  7.1
Spellcasting   | 1 2 3 4 5 6 7 |  7.1
Throwing       | 3 4 5 6 7 |  7.6
Armour         | 3 4 5 6 7 |  7.6
Conjurations   | 1 2 3 4 5 |  5.8
Hexes          | 1 2 3 4 5 |  5.8
Summonings     | 1 2 3 4 5 |  5.8
Necromancy     | 1 2 3 4 5 |  5.8
Translocations | 1 2 3 4 5 |  5.8
Transmutations | 1 2 3 4 5 |  5.8
Fire Magic     | 1 2 3 4 5 |  5.8
Ice Magic      | 1 2 3 4 5 |  5.8
Air Magic      | 1 2 3 4 5 |  5.8
Earth Magic    | 1 2 3 4 5 |  5.8
Poison Magic   | 1 2 3 4 5 |  5.8
Staves         | 5 6 7 8 |  8.5
Dodging        | 7 8 9 |  9.7
Evocations     | 7 8 9 |  9.7

Action                     |  1- 3 |  4- 6 |  7- 9 | 10-12 || total
---------------------------+-------+-------+-------+-------++-------
  Melee: Quarterstaff      |    61 |       |       |       ||    61
         Bite              |     9 |     4 |    20 |    53 ||    86
         Demon trident     |    23 |    68 |   228 |   467 ||   786
         Punch             |       |       |     7 |    10 ||    17
  Evoke: Wand              |       |     7 |     4 |    24 ||    35
         Phial of floods   |       |       |       |     1 ||     1
    Use: Scroll            |     2 |     5 |     6 |     5 ||    18
         Potion            |       |     4 |     2 |     6 ||    12
   Stab: Paralysed         |       |     7 |     2 |     5 ||    14
         Sleeping          |       |     2 |     8 |     9 ||    19
         Distracted        |       |       |       |     7 ||     7
 Armour: Leather armour    |    16 |    10 |    59 |   113 ||   198
  Dodge: Dodged            |    37 |    27 |   116 |   343 ||   523
